 Dungeon Crawl Stone Soup version 0.29-a0-648-g6b26cc9f40 (webtiles) character file.

Game seed: 16866076310044031713

28 vineage the Skirmisher (level 3, -1/24 HPs)
             Began as a Gargoyle Fighter on June 20, 2022.
             Slain by a goblin
             ... wielding a +0 dagger
             ... led by Robin
              (2 damage)
             ... on level 2 of the Dungeon.
             The game lasted 00:00:54 (903 turns).

vineage the Skirmisher (Gargoyle Fighter)            Turns: 903, Time: 00:00:55

Health: -1/24      AC: 10    Str: 19    XL:     3   Next: 12%
Magic:  3/3        EV:  9    Int:  8    God:
Gold:   46         SH:  4    Dex: 11    Spells: 2/2 levels left

rFire   . . .      SeeInvis .   a - +0 flail
rCold   . . .      Faith    .   c - +0 buckler
rNeg    + . .      Spirit   .   b - +0 scale mail
rPois   ∞          Reflect  .   (no helmet)
rElec   +          Harm     .   (no cloak)
rCorr   .          Rampage  .   (no gloves)
Will    .....                   (no boots)
Stlth   ..........              (no amulet)
HPRegen 0.08/turn               (no ring)
MPRegen 0.08/turn               (no ring)

@: mighty
A: sickness immunity, AC +3, negative energy resistance 1, electricity
resistance, torment resistance 1, petrification resistance
a: no special abilities


You were on level 2 of the Dungeon.
You visited 1 branch of the dungeon, and saw 2 of its levels.

You collected 46 gold pieces.

Inventory:

Hand Weapons
 a - a +0 flail (weapon)
Armour
 b - a +0 scale mail (worn)
 c - a +0 buckler (worn)
Potions
 e - a potion of heal wounds {unknown}
 j - a potion of haste {unknown}
 k - a potion of mutation {unknown}


   Skills:
 * Level 3.8 Fighting
 * Level 2.5 Maces & Flails
 + Level 3.5 Armour
 + Level 3.5 Shields


You had 2 spell levels left.
You didn't know any spells.
Your spell library was empty.

Dungeon Overview and Level Annotations

Branches:
Dungeon (2/15)

Altars:

Annotations:
D:2 Robin


Innate Abilities, Weirdness & Mutations

You are immune to sickness and miasma.
Your stone body is resilient. (AC +3)
You are immune to poison.
You resist negative energy. (rN+)
You are resistant to electric shocks. (rElec)
You are resistant to unholy torment.
You are immune to petrification.


Message History

The goblin barely misses you. The goblin hits you with a +0 club.
You block the hobgoblin's attack. The goblin hits you but does no damage.
You block the goblin's attack. The goblin barely misses you.
Robin throws the goblin at you! The goblin hits you but does no damage.
The hobgoblin hits you.
You closely miss the hobgoblin.
The hobgoblin hits you but does no damage.
The goblin hits you but does no damage. x2; The hobgoblin barely misses you.
The goblin closely misses you. The goblin hits you with a +0 dagger.
Robin roars a battlecry!
The goblins go into a battle-frenzy!
You hit the hobgoblin.
You kill the hobgoblin!
The goblin hits you but does no damage. The goblin hits you with a +0 club.
The goblin hits you but does no damage. You block the hobgoblin's attack.
You block the goblin's attack.
Robin says, "A pitiful Gargoyle like you will never find the ORB!"
You closely miss the hobgoblin. The goblin hits you but does no damage.
The goblin barely misses you. The hobgoblin closely misses you.
You block the hobgoblin's attack. The goblin completely misses you.
The goblin hits you but does no damage. The goblin hits you with a +0 dagger.
The goblin barely misses you. The hobgoblin closely misses you.
You block the hobgoblin's attack. The goblin hits you but does no damage.
The goblin closely misses you.
You aren't carrying any scrolls.
You feel very mighty all of a sudden.
The goblin hits you but does no damage. x2
The hobgoblin hits you but does no damage.
The goblin hits you with a +0 club.
* * * LOW HITPOINT WARNING * * *
The hobgoblin barely misses you. The goblin barely misses you.
You sock the goblin!
You kill the goblin!
The goblin hits you but does no damage. The goblin hits you with a +0 club.
* * * LOW HITPOINT WARNING * * *
You block the goblin's attack. The hobgoblin closely misses you.
The hobgoblin barely misses you. The goblin attacks as you move away!
You block the goblin's attack. The goblin hits you with a +0 dagger.
You die...

## .## ..
....############.#
....ggg#g?.....#.#
#.ggg.g...##.#.#
....##g#@##.##.#.#
. #.#.##......#
#.#.#####.###
..#.#####.#
###..<....#
#########


You could see Robin, 3 hobgoblins and 4 goblins.

Vanquished Creatures
  A worm (D:2)
  An endoplasm (D:1)
  6 goblins
  3 hobgoblins
  2 quokkas (D:1)
  2 ball pythons (D:1)
  2 bats (D:1)
  2 frilled lizards (D:1)
  4 rats (D:1)
23 creatures vanquished.

Notes
Turn   | Place    | Note
-------+----------+-------------------------------------------
     0 | D:1      | vineage the Gargoyle Fighter began the quest for the Orb.
     0 | D:1      | Reached XP level 1. HP: 14/14 MP: 1/1
    74 | D:1      | Reached XP level 2. HP: 19/19 MP: 2/2
   455 | D:1      | Found a faded altar of an unknown god.
   878 | D:2      | Reached XP level 3. HP: 24/24 MP: 3/3
   892 | D:2      | Noticed Robin
   902 | D:2      | HP: 1/24 [goblin/+0 club[Robin] (6)]
   903 | D:2      | Slain by a goblin

Illustrated notes

Levels and vault maps discovered:
D:1:      dpeg_arrival_subterranean_lakeside_camping, layout_basic,
          ebering_ecumenical_altar_webs, minmay_misc_feat_nine_boxes,
          minivault_11, chequers_mini_garden, dk_noncrumbling_4
D:2:      layout_loops_cross, uniq_robin, uniq_crazy_yiuf_cottage, uniq_jessica,
          uniq_sigmund

Action                   || total
-------------------------++-------
Melee: Flail             ||    50
  Use: Scroll            ||     3
       Potion            ||     1
Armor: Scale mail        ||    45
Dodge: Dodged            ||    45
Block: Buckler           ||    15

Table legend: (Time is in decaauts)
 A = Elapsed time spent in this place.
 B = Non-inter-level travel time spent in this place.
 C = Inter-level travel time spent in this place.
 D = Time resting spent in this place.
 E = Time spent auto-exploring this place.
 F = Levels seen in this place.
 G = Mean time per level.
                   A        B        C        D        E       F      G
               +--------+--------+--------+--------+--------+-----+--------+
         Total |    919 |    910 |      9 |      0 |    773 |   2 |  459.5 |
       Dungeon |    919 |    910 |      9 |      0 |    773 |   2 |  459.5 |
               +--------+--------+--------+--------+--------+-----+--------+

Top non-repeatable levels by time:
     D:1: 886 daAuts
     D:2: 33 daAuts
